[Event "FIDE WCCC G12 2018"]
[Site "Santiago de Compostela"]
[Date "2018.11.12"]
[Round "8"]
[White "Ke, Rianne"]
[Black "Volovich, Julia"]
[Result "0-1"]
[ECO "C10"]
[WhiteElo "1600"]
[BlackElo "1735"]
[Annotator "NA RC"]
[PlyCount "80"]
[EventDate "2018.11.04"]
[EventType "swiss"]
[EventCountry "ESP"]
[SourceTitle "playchess.com"]
[Source "ChessBase"]
[SourceQuality "1"]
[TimeControl "40/5400+30:1800+30"]

1. e4 e6 2. d4 d5 3. Nd2 dxe4 4. Nxe4 Nd7 5. Bd3 Ngf6 6. Nxf6+ Nxf6 7. Nf3 c5 8. Be3 Qc7 9. Qe2 Be7 10. O-O-O O-O 11. Ne5 a6 12. g4 b5 13. g5 Nd5 14. Bxh7+ Kxh7 15. Qh5+ Kg8 16. g6 fxg6 17. Nxg6 Rf5 18. Qh8+ Kf7 19. Ne5+ Rxe5 20. dxe5 Qxe5 21. Rhe1 Qf5 22. Rg1 Bf6 23. Rg3 Bb7 24. Qh3 Qxh3 25. Rxh3 c4 26. c3 Rd8 27. Rg1 b4 28. Bg5 Bxg5+ 29. Rxg5 Nf4 30. Re3 Nd3+ 31. Kc2 Nxf2 32. Rg1 Be4+ 33. Kc1 Nd3+ 34. Kc2 b3+ 35. Kd2 Nxb2+ 36. Ke2 Bd3+ 37. Kf2 bxa2 38. Ra1 Bb1 39. Re2 Nd1+ 40. Kf3 Nxc3 0-1

[Event "FIDE WCCC G12 2018"]
[Site "Santiago de Compostela"]
[Date "2018.11.12"]
[Round "8"]
[White "Menon, Gauri"]
[Black "Van Foreest, Machteld"]
[Result "0-1"]
[ECO "A05"]
[WhiteElo "1592"]
[BlackElo "2003"]
[Annotator "NA RC"]
[PlyCount "70"]
[EventDate "2018.11.04"]
[EventType "swiss"]
[EventCountry "ESP"]
[SourceTitle "playchess.com"]
[Source "ChessBase"]
[SourceQuality "1"]
[TimeControl "40/5400+30:1800+30"]

1. Nf3 Nf6 2. g3 b6 3. Bg2 Bb7 4. O-O e6 5. d3 d5 6. Nbd2 Bd6 {[%emt 0:01:22] LiveBook: 4 Games A05: Réti Opening: 1 Nf3 Nf6} (6... Nbd7 7. Re1 Bc5 8. c4 O-O 9. a3 a5 10. cxd5 exd5 11. Nb3 Be7 12. Nbd4 Re8 13. Bf4 Nh5 14. Bd2 a4 15. b4 axb3 16. Qxb3 {½-½ (41) Anton Guijarro,D (2654)-Bruzon Batista,L (2643) Tbilisi 2017}) 7. e4 Be7 8. c3 O-O 9. e5 $146 ({Predecessor:} 9. Re1 Na6 10. e5 Nd7 11. Nf1 c5 12. h4 {1-0 (38) Agnihotri,A (85)-Pert,N (112) Hull 2018}) 9... Nfd7 10. d4 c5 11. h3 Nc6 12. Nb3 Rc8 (12... c4 $5 13. Nbd2 $8 b5 $11) 13. a3 a5 14. Be3 Ba6 15. Re1 cxd4 16. cxd4 b5 17. Nh2 ({White should try} 17. Bf1 $11) 17... Nb6 18. Qg4 Kh8 $1 19. f4 $2 (19. Nf3 $15) 19... Nc4 20. f5 $2 (20. Bf2) 20... exf5 21. Qxf5 $2 (21. Qf4) 21... a4 22. Nc5 (22. Bf2 $142 axb3 23. Qb1) 22... Nxe3 23. Qd3 Nxg2 24. Kxg2 Bxc5 25. dxc5 d4 26. Nf3 Qd5 27. Kh2 h6 28. Rac1 Bb7 29. Rc2 Rfe8 30. Rf2 Nxe5 31. Nxe5 Rxe5 32. Ref1 Rce8 33. h4 Re1 34. Qd2 {[%emt 0:00:17] [#]} Qh1+ $1 35. Rxh1 Rxh1# 0-1

[Event "FIDE WCCC G12 2018"]
[Site "Santiago de Compostela"]
[Date "2018.11.12"]
[Round "8"]
[White "Oz, Irem Ezra"]
[Black "Shuqja, Klean"]
[Result "1/2-1/2"]
[ECO "B01"]
[WhiteElo "1564"]
[BlackElo "1798"]
[Annotator "NA RC"]
[PlyCount "99"]
[EventDate "2018.11.04"]
[EventType "swiss"]
[EventCountry "ESP"]
[SourceTitle "playchess.com"]
[Source "ChessBase"]
[SourceQuality "1"]
[TimeControl "40/5400+30:1800+30"]

1. e4 d5 2. exd5 Qxd5 3. Nc3 Qd8 4. d4 Nf6 5. Nf3 Bg4 6. h3 Bxf3 7. Qxf3 c6 8. Qd3 e6 9. g3 Nbd7 10. Bg2 Be7 11. O-O O-O 12. Rd1 Nb6 13. Ne2 Qd7 14. c4 Rfd8 15. b3 h6 16. Bb2 Ne8 17. Qc2 Rac8 18. a4 Nf6 19. a5 Na8 20. Bc3 Nc7 21. Nf4 Qe8 22. Nd3 Nd7 23. Qb2 Bf6 24. Ne5 Nxe5 25. dxe5 Be7 26. Bd4 Ra8 27. Qc3 Na6 28. Qe3 Nb4 29. Rac1 c5 30. Bb2 Nc6 31. Bc3 Rac8 32. Be4 Rd7 33. Qf3 Bg5 34. Rb1 a6 35. Rxd7 Qxd7 36. Rd1 Qc7 37. Bxc6 bxc6 38. Rd3 Rb8 39. Qd1 Rb7 40. f4 Be7 41. Be1 Kh7 42. Qf3 Qc8 43. Qd1 Qc7 44. Bc3 Kg8 45. Kg2 Qb8 46. Be1 Qc7 47. Bc3 Qb8 48. Be1 Qc7 49. Bc3 Qb8 50. Be1 1/2-1/2

[Event "FIDE WCCC G12 2018"]
[Site "Santiago de Compostela"]
[Date "2018.11.12"]
[Round "8"]
[White "Mellor, Jessica"]
[Black "Karmanova, Olga Dm."]
[Result "1-0"]
[ECO "B23"]
[WhiteElo "1555"]
[BlackElo "1819"]
[Annotator "NA RC"]
[PlyCount "97"]
[EventDate "2018.11.04"]
[EventType "swiss"]
[EventCountry "ESP"]
[SourceTitle "playchess.com"]
[Source "ChessBase"]
[SourceQuality "1"]
[TimeControl "40/5400+30:1800+30"]

1. e4 c5 2. Nc3 a6 3. f4 b5 4. Nf3 Bb7 {[%emt 0:00:29] LiveBook: 130 Games B23: Closed Sicilian: Lines without g3} 5. d3 e6 6. g4 d5 7. e5 h5 8. gxh5 Nh6 $146 (8... Nc6 $15) ({Predecessor:} 8... Rxh5 9. Ne2 Ne7 10. Ng3 Rh8 11. h4 Nbc6 12. Bh3 {0-1 (35) Cicak,S (2579)-Blomqvist,E (2448) Stockholm 2013}) 9. Ne2 d4 10. Ng3 Be7 11. Bg2 Nd7 12. O-O Nb6 13. Qe2 Nd5 {[%emt 0:02:00] [#]} ({Black should play} 13... Qd7 $14) 14. h3 (14. f5 $1 $16 ) 14... Rb8 15. Bd2 Bf8 {[%emt 0:07:20] [#]} (15... Qb6 $11) 16. c3 ({White should play} 16. f5 $1 $16 ) 16... Ne7 17. cxd4 cxd4 18. Rac1 Nef5 19. Nxf5 Nxf5 20. Kh2 Be7 21. Rc2 Bd5 (21... Rc8 $11 22. Rxc8 Qxc8) 22. b3 (22. Ng5 $16) 22... Bh4 (22... Rxh5 $11 23. Ng5 g6) 23. Nxh4 Qxh4 $5 24. Be1 Qd8 {[%emt 0:10:34] [#]} 25. Bd2 ({White should try} 25. Bxd5 $1 $16 Qxd5 26. Bd2) 25... Qh4 26. Be1 Qd8 27. Bd2 Bxg2 28. Kxg2 Qh4 29. Qg4 Rxh5 30. Qxh4 Nxh4+ 31. Kh2 Kd7 32. Rfc1 Nf3+ 33. Kg3 Nxd2 34. Rxd2 Rhh8 (34... Rbh8 $11 {remains equal.} 35. Rh2 f6) 35. Rdc2 Rhc8 $2 (35... Rb7 $16) 36. Rxc8 Rxc8 37. Rxc8 Kxc8 38. Kf3 Kd7 39. Ke4 g6 40. b4 Kc6 41. Kxd4 Kb6 42. a3 $18 a5 43. Ke4 axb4 44. axb4 Kb7 45. d4 Kc6 46. h4 Kd7 47. d5 exd5+ 48. Kxd5 Ke7 49. Kc5 1-0

[Event "FIDE WCCC G12 2018"]
[Site "Santiago de Compostela"]
[Date "2018.11.12"]
[Round "8"]
[White "Kovacsi, Sara Kata"]
[Black "Rueda Nessi, Juana"]
[Result "0-1"]
[ECO "A06"]
[WhiteElo "1554"]
[BlackElo "1642"]
[Annotator "NA RC"]
[PlyCount "78"]
[EventDate "2018.11.04"]
[EventType "swiss"]
[EventCountry "ESP"]
[SourceTitle "playchess.com"]
[Source "ChessBase"]
[SourceQuality "1"]
[TimeControl "40/5400+30:1800+30"]

1. Nf3 d5 2. g3 e6 3. d4 f5 4. c4 Nf6 5. Nc3 c6 6. Bg2 Bd6 7. c5 Bc7 8. Qc2 O-O 9. Bf4 Bxf4 10. gxf4 Ne4 11. e3 Bd7 12. Nxe4 fxe4 13. Ne5 Be8 14. O-O-O Nd7 15. Nxd7 Qxd7 16. h4 Qc7 17. Rdg1 Qa5 18. Kb1 b6 19. Rc1 Rb8 20. Qc3 Qa4 21. h5 Bd7 22. f3 exf3 23. Bxf3 bxc5 24. Qxc5 e5 25. dxe5 Rb5 26. Qc3 Rfb8 27. Rh2 Ra5 28. b3 Bf5+ 29. e4 dxe4 30. Bd1 e3+ 31. Ka1 Qxf4 32. Qc4+ Qxc4 33. Rxc4 Rxe5 34. Rxc6 Rd8 35. Rc1 Rd2 36. Be2 h6 37. Bc4+ Kh7 38. Rxd2 exd2 39. Rd1 Re1 0-1

[Event "FIDE WCCC G12 2018"]
[Site "Santiago de Compostela"]
[Date "2018.11.13"]
[Round "9"]
[White "Van Foreest, Machteld"]
[Black "Cornileau, Juliette"]
[Result "1-0"]
[ECO "B32"]
[WhiteElo "2003"]
[BlackElo "1740"]
[Annotator "NA RC"]
[PlyCount "55"]
[EventDate "2018.11.04"]
[EventType "swiss"]
[EventCountry "ESP"]
[SourceTitle "playchess.com"]
[Source "ChessBase"]
[SourceQuality "1"]
[TimeControl "40/5400+30:1800+30"]

1. e4 c5 2. Nf3 Nc6 3. d4 cxd4 4. Nxd4 e5 5. Nb5 d6 6. N1c3 a6 7. Na3 b5 8. Nd5 Nge7 9. c4 Nxd5 {[%emt 0:01:11] B32: Sicilian: Löwenthal and Kalashnikov Variations} 10. exd5 Nd4 {[%emt 0:00:54] LiveBook: 56 Games} 11. Be3 (11. cxb5 Be7 12. Bd3 O-O 13. O-O f5 14. Be3 Nxb5 15. Nc4 Rb8 16. f3 Bb7 17. a4 Nd4 18. Bxd4 exd4 19. a5 Bxd5 20. Nb6 {0-1 (48) Martinez Alcantara,J (2561)-Naiditsch,A (2711) Linares 2018}) 11... Be7 12. Bxd4 exd4 13. Be2 O-O 14. cxb5 Bf6 $146 ({Predecessor:} 14... Qa5+ $11 15. Kf1 (15. Qd2 Qxd2+ 16. Kxd2 Bg5+ 17. Kd1 {1-0 (51) Xiong,F (1815)-Abrahamyan,A (1573) Willingen 2009}) 15... Bb7) 15. O-O Qa5 16. Bd3 Rb8 17. Qe2 Bb7 18. bxa6 Bxd5 19. Nb5 Qxa6 $2 (19... g6 $16) 20. Qh5 $1 Be4 21. Bxe4 g6 22. Qf3 Qxb5 23. Qxf6 d5 $18 24. Bf3 Qxb2 25. Bxd5 Rbd8 26. Bxf7+ Rxf7 27. Qxd8+ Kg7 28. Rad1 1-0

[Event "FIDE WCCC G12 2018"]
[Site "Santiago de Compostela"]
[Date "2018.11.13"]
[Round "9"]
[White "Nadzamova, Viktoria"]
[Black "Tsirekidze, Barbare"]
[Result "0-1"]
[ECO "B41"]
[WhiteElo "1923"]
[BlackElo "1611"]
[Annotator "NA RC"]
[PlyCount "104"]
[EventDate "2018.11.04"]
[EventType "swiss"]
[EventCountry "ESP"]
[SourceTitle "playchess.com"]
[Source "ChessBase"]
[SourceQuality "1"]
[TimeControl "40/5400+30:1800+30"]

1. e4 c5 2. Nf3 e6 3. d4 cxd4 4. Nxd4 a6 5. c4 Nf6 6. Bd3 Be7 7. O-O d6 8. Nc3 O-O 9. Be3 Qc7 {[%emt 0:04:36] B42: Sicilian: Kan Variation: 5 Bd3} (9... Nbd7 10. f4 Nc5 11. Bc2 e5 12. Nf5 Bxf5 13. exf5 exf4 14. Rxf4 Re8 15. Kh1 Rc8 16. Bd4 Ncd7 17. b3 d5 18. Nxd5 Nxd5 19. cxd5 {0-1 (37) Quesada Perez,Y (2627)-Grandelius,N (2647) chess.com INT 2018}) 10. f4 {[%emt 0:02:25] LiveBook: 8 Games} Nc6 11. Kh1 Bd7 12. Nb3 $146 ({Predecessor:} 12. Qf3 Rfd8 13. Nxc6 Bxc6 14. Qh3 d5 15. exd5 exd5 16. cxd5 {½-½ (16) Schiestl,J (2170)-Burschowsky,M (2169) Austria 2003}) 12... Na5 ({Black should try} 12... b5 $14) 13. Nd2 b6 14. Rc1 Nb7 15. b4 Rfc8 16. Na4 (16. a3 $16) 16... Bxa4 17. Qxa4 a5 18. Bb1 (18. b5 $1 $11) 18... axb4 19. Qxb4 Nc5 20. Qc3 Nfd7 21. Qc2 Nf8 22. f5 Bf6 23. g4 Ra3 24. Nb3 Be5 25. Rcd1 Qe7 26. Bc1 Ra7 27. Nd4 Bxd4 28. Rxd4 Rac7 29. Qd1 Nb7 30. Bd3 ({White should try} 30. f6 $1 $11 gxf6 31. g5) 30... e5 31. Rd5 Nc5 32. Ba3 Nfd7 33. Bb1 Rc6 (33... Nf6 $17 34. Rxd6 Ncxe4 35. Bxe4 Nxe4) 34. Re1 Nb7 35. Qd2 Nf6 ({Ein No Go ist} 35... Rxc4 36. Bxd6 Nxd6 37. Rxd6 $11) 36. Rd3 Rxc4 37. Bxd6 Nxd6 38. Rxd6 Nxg4 39. Rg1 Nf2+ 40. Kg2 Nxe4 41. Bxe4 Rxe4 42. f6 {[%emt 0:00:36] [#]} Re2+ $1 43. Qxe2 Qxd6 44. fxg7 Qd5+ ({Much less strong is} 44... Kxg7 45. Qe4 $19) 45. Qf3 Rc2+ 46. Kg3 Qxf3+ (46... Qd8 $142 47. h3 Rxa2) 47. Kxf3 Rxa2 48. h4 Ra4 49. h5 Rh4 50. Rg5 f6 51. Rg2 Rxh5 52. Ke4 $19 Rg5 0-1

[Event "FIDE WCCC G12 2018"]
[Site "Santiago de Compostela"]
[Date "2018.11.13"]
[Round "9"]
[White "Omonova, Umida"]
[Black "Zvereva, Margarita"]
[Result "1-0"]
[ECO "B52"]
[WhiteElo "1854"]
[BlackElo "1787"]
[Annotator "NA RC"]
[PlyCount "71"]
[EventDate "2018.11.04"]
[EventType "swiss"]
[EventCountry "ESP"]
[SourceTitle "playchess.com"]
[Source "ChessBase"]
[SourceQuality "1"]
[TimeControl "40/5400+30:1800+30"]

1. e4 c5 2. Nf3 d6 3. Bb5+ Bd7 4. Bxd7+ Nxd7 5. O-O Ngf6 6. Re1 e6 7. c3 Be7 8. d4 cxd4 9. cxd4 d5 10. e5 Ne4 {[%emt 0:00:08] LiveBook: 57 Partien} 11. Nbd2 Nxd2 12. Bxd2 O-O 13. Rc1 {[%emt 0:00:58] B52: Sicilian: Moscow Variation with 3...Bd7} Nb8 (13... Qb6 14. Qc2 Nb8 15. Qc7 Bd8 16. Qxb6 Bxb6 17. Bb4 Re8 18. Bc5 Nc6 19. b4 Rec8 20. a4 Bxc5 21. bxc5 {½-½ (70) Kosteniuk,A (2555)-Kozul,Z (2613) Tallinn 2016}) 14. a3 Nc6 15. Rc3 Na5 16. Rd3 $146 ({Predecessor:} 16. Be3 b5 17. Nd2 b4 18. axb4 Bxb4 19. Rc2 Qd7 20. Rf1 Rfc8 21. f4 Qb5 {0-1 (54) Verhille,E (1862)-Grundman,A (1928) Nimes 2018}) 16... Nc4 17. Bc3 Qd7 18. Nd2 g6 19. Nxc4 dxc4 20. Rh3 Rfe8 ({Black should try} 20... b5 $11) 21. Qf3 Kg7 $2 {[%emt 0:17:28] [#]} (21... Rf8 $14) 22. Rxh7+ $3 Kxh7 23. Qxf7+ Kh8 24. Re3 Qd8 25. Rh3+ Bh4 26. Qxg6 Qe7 27. Qg4 Qg7 28. Qxh4+ Kg8 29. Rg3 Qxg3 30. Qxg3+ Kh7 31. Qh4+ Kg8 32. Qg5+ Kh8 33. d5 Rad8 34. d6 b5 35. f4 Rd7 36. Qh5+ 1-0

[Event "FIDE WCCC G12 2018"]
[Site "Santiago de Compostela"]
[Date "2018.11.13"]
[Round "9"]
[White "Shuqja, Klean"]
[Black "Denic, Hana"]
[Result "1-0"]
[ECO "B40"]
[WhiteElo "1798"]
[BlackElo "1636"]
[Annotator "NA RC"]
[PlyCount "63"]
[EventDate "2018.11.04"]
[EventType "swiss"]
[EventCountry "ESP"]
[SourceTitle "playchess.com"]
[Source "ChessBase"]
[SourceQuality "1"]
[TimeControl "40/5400+30:1800+30"]

1. e4 c5 2. Nf3 e6 3. d4 cxd4 4. Nxd4 Nf6 5. Bd3 d6 6. O-O Be7 7. Nc3 O-O 8. Kh1 Nc6 9. Be3 a6 10. f4 e5 11. Nb3 Ng4 12. Bg1 exf4 13. Rxf4 Nce5 14. Be2 Nh6 15. Nd4 Bg5 16. Rf1 g6 17. Nf3 Nxf3 18. Bxf3 Re8 19. Nd5 Rf8 20. Bb6 Qd7 21. h3 f5 22. Bd4 Qf7 23. Nb6 Rb8 24. e5 Qe7 25. Re1 Bf4 26. Nd5 Qh4 27. Nxf4 Qxf4 28. Bd5+ Nf7 29. e6 Bxe6 30. Bxe6 Rbe8 31. Qd3 Qh4 32. Bxf7+ 1-0

[Event "FIDE WCCC G12 2018"]
[Site "Santiago de Compostela"]
[Date "2018.11.13"]
[Round "9"]
[White "Munkhzul, Davaakhuu"]
[Black "Zavivaeva, Emilia"]
[Result "0-1"]
[ECO "C09"]
[WhiteElo "1781"]
[BlackElo "1633"]
[Annotator "NA RC"]
[PlyCount "114"]
[EventDate "2018.11.04"]
[EventType "swiss"]
[EventCountry "ESP"]
[SourceTitle "playchess.com"]
[Source "ChessBase"]
[SourceQuality "1"]
[TimeControl "40/5400+30:1800+30"]

1. e4 e6 2. d4 d5 3. Nd2 c5 4. Ngf3 Nc6 5. exd5 exd5 6. Bb5 Qe7+ 7. Be2 Qc7 8. O-O Nf6 9. Re1 cxd4 10. Bb5+ Be7 11. Qe2 a6 12. Bxc6+ bxc6 13. Nxd4 Ra7 14. b3 O-O 15. Bb2 c5 16. N4f3 Bf5 17. Nf1 d4 18. Ng3 Bg6 19. c3 d3 20. Qd2 c4 21. bxc4 Bd6 22. Qd1 Qxc4 23. Nd2 Qc6 24. c4 Bf4 25. Bxf6 Qxf6 26. Nde4 Qd4 27. Qa4 d2 28. Nxd2 Qxd2 29. c5 Bxg3 30. hxg3 Rc7 31. Qxa6 Rxc5 32. Rad1 Qa5 33. Qd6 Qc7 34. Qd4 h6 35. Qb2 Rc2 36. Qa3 Qc5 37. Qf3 Rxa2 38. Rd5 Qb4 39. Rde5 Qa3 40. R5e3 Qa8 41. Qf4 Ra1 42. Qe5 Rxe1+ 43. Rxe1 Rd8 44. Qc5 Be4 45. f3 Bg6 46. Kh2 Rd2 47. Qe3 Qa2 48. Rg1 Re2 49. Qc3 Rf2 50. Qc6 Qe2 51. Qa8+ Kh7 52. Qd5 Qb2 53. Qc6 Qe5 54. Rc1 Bh5 55. f4 Qe2 56. Qd5 Bg6 57. Rc4 Rf1 0-1

[Event "FIDE WCCC G12 2018"]
[Site "Santiago de Compostela"]
[Date "2018.11.13"]
[Round "9"]
[White "Wagner, Margarethe"]
[Black "Oz, Irem Ezra"]
[Result "0-1"]
[ECO "C42"]
[WhiteElo "1766"]
[BlackElo "1564"]
[Annotator "NA RC"]
[PlyCount "142"]
[EventDate "2018.11.04"]
[EventType "swiss"]
[EventCountry "ESP"]
[SourceTitle "playchess.com"]
[Source "ChessBase"]
[SourceQuality "1"]
[TimeControl "40/5400+30:1800+30"]

1. e4 e5 2. Nf3 Nf6 3. Nc3 Bb4 4. d3 d5 5. exd5 Nxd5 6. Bd2 O-O 7. Nxd5 Bxd2+ 8. Qxd2 Qxd5 9. Be2 Nc6 10. O-O h6 11. Rfd1 Be6 12. c3 Rad8 13. Qe3 Rd7 14. b4 Re8 15. Nd2 Rde7 16. Bf3 Qd7 17. Ne4 b6 18. a4 Bg4 19. Bxg4 Qxg4 20. h3 Qe6 21. Qf3 Rd7 22. a5 Red8 23. axb6 axb6 24. b5 Ne7 25. c4 Nf5 26. Nc3 Ne7 27. Ra7 Qg6 28. Qe4 Qe6 29. Re1 Rxd3 30. Qxe5 Qxe5 31. Rxe5 Rxc3 32. Rxe7 Rxc4 33. Raxc7 Rxc7 34. Rxc7 Rd5 35. Rc8+ Kh7 36. Rc7 f6 37. Rc2 Rxb5 38. Kf1 Kg6 39. Ke2 Rb3 40. Kd2 Kf5 41. Rc7 g5 42. Rh7 Kg6 43. Rb7 h5 44. Kc2 Rb5 45. Rb8 Rf5 46. f3 Rb5 47. Rh8 h4 48. Re8 Re5 49. Rg8+ Kf7 50. Rb8 Re2+ 51. Kd3 Rxg2 52. Rxb6 Kg6 53. Ke3 Rg3 54. Kf2 Rxh3 55. Kg2 Rg3+ 56. Kf2 g4 57. fxg4 Rxg4 58. Rb8 Rg5 59. Rh8 Rh5 60. Rg8+ Kf5 61. Kf3 h3 62. Rg1 h2 63. Rh1 Rh3+ 64. Kg2 Kg4 65. Kf2 f5 66. Kg2 f4 67. Kf2 f3 68. Ke1 Kg3 69. Kf1 f2 70. Ke2 Kg2 71. Rf1 Re3+ 0-1

[Event "FIDE WCCC G12 2018"]
[Site "Santiago de Compostela"]
[Date "2018.11.13"]
[Round "9"]
[White "Dakic, Marta"]
[Black "Nurmanova, Alua"]
[Result "1-0"]
[ECO "B23"]
[WhiteElo "1756"]
[BlackElo "1780"]
[Annotator "NA RC"]
[PlyCount "97"]
[EventDate "2018.11.04"]
[EventType "swiss"]
[EventCountry "ESP"]
[SourceTitle "playchess.com"]
[Source "ChessBase"]
[SourceQuality "1"]
[TimeControl "40/5400+30:1800+30"]

1. e4 c5 2. Nc3 d6 3. f4 Nf6 4. Nf3 g6 5. Bb5+ Nc6 6. O-O Bg7 7. Bxc6+ bxc6 8. d3 O-O 9. Qe1 e6 10. e5 Ne8 11. Qf2 d5 12. Qxc5 Bd7 13. Qf2 Qb6 14. Na4 Qxf2+ 15. Rxf2 Nc7 16. Nc5 Rfd8 17. a4 Bf8 18. Be3 a5 19. Nd2 Be8 20. Bd4 Rdb8 21. Ndb3 Na6 22. Nxa6 Rxa6 23. Ra2 Be7 24. Bc5 Bd8 25. Bd6 Rxb3 26. cxb3 Bb6 27. b4 axb4 28. b3 Bxf2+ 29. Kxf2 Kg7 30. Ke3 f6 31. exf6+ Kxf6 32. Bxb4 Kf7 33. Bc5 Bd7 34. a5 Be8 35. b4 Bd7 36. Rf2 Ra8 37. Kd4 Kf6 38. Bd6 Ra6 39. g4 Bc8 40. Kc5 Bd7 41. h3 Kf7 42. g5 Ke8 43. Be5 Ke7 44. Bf6+ Ke8 45. Kd6 Ra8 46. Kc7 c5 47. Kb7 Rc8 48. a6 cxb4 49. a7 1-0

[Event "FIDE WCCC G12 2018"]
[Site "Santiago de Compostela"]
[Date "2018.11.13"]
[Round "9"]
[White "Mihelic, Vesna"]
[Black "Ke, Rianne"]
[Result "1/2-1/2"]
[ECO "C50"]
[WhiteElo "1741"]
[BlackElo "1600"]
[Annotator "NA RC"]
[PlyCount "102"]
[EventDate "2018.11.04"]
[EventType "swiss"]
[EventCountry "ESP"]
[SourceTitle "playchess.com"]
[Source "ChessBase"]
[SourceQuality "1"]
[TimeControl "40/5400+30:1800+30"]

1. e4 e5 2. Nf3 Nc6 3. Bc4 Nf6 4. d3 Bc5 5. Nc3 d6 6. Be3 Bb6 7. Nd5 Be6 8. Nxb6 axb6 9. Bb3 O-O 10. O-O d5 11. exd5 Nxd5 12. Ng5 Qf6 13. Nxe6 Qxe6 14. Qf3 Rad8 15. a3 Nce7 16. Rfe1 Nf5 17. Ba2 h6 18. h3 g5 19. Qg4 Rfe8 20. Bd2 Qg6 21. Rad1 Nd4 22. Bxd5 Rxd5 23. Qe4 Qe6 24. c4 Rd7 25. Bc3 c6 26. Bxd4 Rxd4 27. Qxd4 exd4 28. Rxe6 Rxe6 29. Kf1 Kg7 30. Re1 Rxe1+ 31. Kxe1 f5 32. g3 Kf6 33. f4 g4 34. h4 Ke6 35. Kd2 Kd6 36. Kc2 Kc5 37. b4+ Kd6 38. Kb3 c5 39. Ka4 Kc6 40. h5 Kd6 41. Kb5 cxb4 42. axb4 Kc7 43. c5 bxc5 44. Kxc5 b6+ 45. Kxd4 Kd6 46. Kc4 Kc6 47. Kd4 Kd6 48. b5 Ke6 49. Kc4 Kd6 50. d4 Ke6 51. d5+ Kd7 1/2-1/2

[Event "FIDE WCCC G12 2018"]
[Site "Santiago de Compostela"]
[Date "2018.11.13"]
[Round "9"]
[White "Volovich, Julia"]
[Black "Savitha Shri B"]
[Result "0-1"]
[ECO "A43"]
[WhiteElo "1735"]
[BlackElo "1745"]
[Annotator "NA RC"]
[PlyCount "112"]
[EventDate "2018.11.04"]
[EventType "swiss"]
[EventCountry "ESP"]
[SourceTitle "playchess.com"]
[Source "ChessBase"]
[SourceQuality "1"]
[TimeControl "40/5400+30:1800+30"]

1. d4 c5 2. d5 Nf6 3. Nc3 g6 4. e4 d6 5. Bb5+ Nbd7 6. a4 a6 7. Be2 Bg7 8. Nf3 Qc7 9. h3 Rb8 10. O-O c4 11. Be3 Nc5 12. Nd2 b5 13. axb5 axb5 14. b4 Nfd7 15. bxc5 Bxc3 16. cxd6 Qxd6 17. Rb1 Nf6 18. Bg5 O-O 19. Bxf6 exf6 20. Nf3 f5 21. Nd2 Qf4 22. exf5 Qxd2 23. fxg6 hxg6 24. Qxd2 Bxd2 25. Bxc4 b4 26. Rfd1 Bc3 27. g4 Bd7 28. Rd3 Ba4 29. Bb3 Bb5 30. Re3 Rfd8 31. Rd1 Rd6 32. f4 Rf6 33. d6 Rd8 34. f5 Rfxd6 35. Rxd6 Rxd6 36. fxg6 Bd4 37. gxf7+ Kf8 38. Kf2 Rf6+ 39. Kg3 Bxe3 40. h4 Bf4+ 41. Kh3 Rxf7 42. Bxf7 Kxf7 43. g5 Ba4 44. Kg4 Bxg5 45. hxg5 Bxc2 46. Kf3 b3 47. Ke3 b2 48. Kd2 b1=Q 49. Ke3 Qb4 50. Ke2 Qe4+ 51. Kf2 Bd1 52. g6+ Kg8 53. g7 Qf3+ 54. Kg1 Ba4 55. Kh2 Bc6 56. Kg1 Qg2# 0-1

[Event "FIDE WCCC G12 2018"]
[Site "Santiago de Compostela"]
[Date "2018.11.13"]
[Round "9"]
[White "Wang, Ellen"]
[Black "Kairbekova, Amina"]
[Result "0-1"]
[ECO "C17"]
[WhiteElo "1711"]
[BlackElo "1939"]
[Annotator "NA RC"]
[PlyCount "118"]
[EventDate "2018.11.04"]
[EventType "swiss"]
[EventCountry "ESP"]
[SourceTitle "playchess.com"]
[Source "ChessBase"]
[SourceQuality "1"]
[TimeControl "40/5400+30:1800+30"]

1. e4 e6 2. d4 d5 3. Nc3 Bb4 4. e5 c5 5. Bd2 cxd4 6. Nb5 Bc5 7. Qg4 Kf8 {[%emt 0:01:49] C17: French: 3 Nc3 Bb4 4 e5 c5 sidelines} (7... g6 8. b4 Bf8 9. Nxd4 Qc7 10. Ngf3 a6 11. Bd3 Nd7 12. O-O Bg7 13. Qg3 Nxe5 14. Kh1 f6 15. Bf4 {½-½ (65) Mastrovasilis,D (2610)-Istratescu,A (2651) Legnica 2013}) 8. b4 Bb6 9. Nf3 Nc6 10. Qf4 f6 11. exf6 $2 (11. c4 $11) 11... Qxf6 $2 (11... gxf6 $17 12. Qd6+ Qe7 13. Qxe7+ Ngxe7) 12. O-O-O $2 $146 ({Predecessor:} 12. Nc7 $11 Rb8 (12... Bxc7 13. Qxc7 h6 14. b5 d3 15. Bxd3 Qxa1+ 16. Ke2 Qf6 17. bxc6 Qe7 18. Bb4 Qxb4 19. Qd8+ Kf7 20. Ne5# {1-0 (20) Saemisch,F-NN Aachen 1934}) 13. Qd6+ Qe7 14. Bf4) 12... e5 13. Qxf6+ gxf6 14. Nd6 Ke7 15. Nxc8+ Rxc8 16. b5 Na5 17. Bb4+ Kf7 18. g3 Ne7 19. Nd2 Rc7 20. Bd6 Rd7 21. Bb4 Rhd8 22. Bh3 Rc7 23. Kb1 Nc4 24. Nb3 a5 25. bxa6 bxa6 26. a4 a5 27. Bxe7 Kxe7 28. Ka2 Nd6 29. Kb2 Ne4 30. Rhf1 Nc3 31. Ra1 Rc4 32. Rfe1 Nxa4+ 33. Kb1 Nc3+ 34. Kc1 Ne4 35. f3 (35. Nd2 $142 Nxd2 36. Kxd2) 35... Nf2 36. Bf5 d3 37. Ra2 dxc2 38. Rxc2 e4 39. Ree2 Nd3+ 40. Kd1 Rb4 41. Nc1 Rd4 42. Rcd2 Nxc1 43. Kxc1 Rc4+ 44. Rc2 Ra4 45. Bxh7 Ra1+ 46. Kd2 e3+ 47. Rxe3+ Bxe3+ 48. Kxe3 d4+ 49. Kd2 Rh8 50. Rc7+ Kd6 51. Ra7 Rb8 52. Kd3 Ra3+ 53. Kc2 Ra2+ 54. Kc1 Rxh2 55. Bd3 Rh1+ 56. Kc2 Rhb1 57. Be4 R8b2+ 58. Kd3 Rd1+ 59. Kc4 Rb4# {[%emt 0:00:05] Kxd4} 0-1

[Event "FIDE WCCC G12 2018"]
[Site "Santiago de Compostela"]
[Date "2018.11.13"]
[Round "9"]
[White "Rueda Nessi, Juana"]
[Black "Pang, Ashley"]
[Result "0-1"]
[ECO "B23"]
[WhiteElo "1642"]
[BlackElo "1604"]
[Annotator "NA RC"]
[PlyCount "58"]
[EventDate "2018.11.04"]
[EventType "swiss"]
[EventCountry "ESP"]
[SourceTitle "playchess.com"]
[Source "ChessBase"]
[SourceQuality "1"]
[TimeControl "40/5400+30:1800+30"]

1. e4 c5 2. Nc3 b6 3. g3 Bb7 4. Bg2 e6 5. d3 Nf6 6. f4 a6 7. Nh3 Qc7 8. O-O Be7 9. g4 d5 10. g5 Nfd7 11. exd5 exd5 12. Nxd5 Bxd5 13. Bxd5 Nc6 14. Re1 Rd8 15. Qf3 Nd4 16. Qe4 Nf8 17. Bb3 Qd7 18. Nf2 h6 19. Qg2 hxg5 20. fxg5 Qf5 21. Re3 Nfe6 22. g6 Nf4 23. gxf7+ Kf8 24. Qe4 Qg5+ 25. Rg3 Nde2+ 26. Kf1 Qxg3 27. Bxf4 Qxf4 28. Qxe2 Rxh2 29. Rd1 Bh4 0-1